 Dungeon Crawl Stone Soup version 0.5-svn (crawl-ref) character file.

452 heteroy the Cutter (level 6, -10/36 HPs)
             Began as a Kobold Chaos Knight on Apr 10, 2009.
             Was a Plaything of Xom.
             Mangled by a gila monster shaped shifter (shapeshifter) (17 damage)
             ... on Level 4 of the Dungeon. Dgl's game lasted 00:13:40 (5571 turns). heteroy the Cutter (Kobold Chaos Knight) Turns: 5571, Time: 00:13:40

HP -10/36        AC 12     Str 14 Exp: 6/389 (104), need: 131
MP   6/6         EV 13     Int  9 (12) God: Xom
Gold 180         SH  0     Dex 20      Spells:  0 memorised,  5 levels left

Res.Fire  : . . .   See Invis. : .   a - +1,+3 short sword
Res.Cold  : . . .   Warding    : .   v - +1 leather armour
Life Prot.: . . .   Conserve   : .   (no shield)
Res.Poison: .       Res.Corr.  : .   (no helmet)
Res.Elec. : .       Clarity    : .   (no cloak)
                                     (no gloves)
Sust.Abil.: .       Rnd.Telep. : .   u - +0 pair of boots
Res.Mut.  : .       Ctrl.Telep.: .   (no amulet)
Res.Slow  : .       Levitation : +   d - +6 ring of protection {god gift}
Saprovore : + + .   Ctrl.Flight: .   e - +5 ring of dexterity

@: mighty, levitating, slightly resistant to magic, quite stealthy
A: carnivore 3, fast metabolism 1, saprovore 2, AC +1, Str -1, Int -1
a: Renounce Religion


You were on level 4 of the Dungeon.
You worshipped Xom.
You were very full.

You visited 1 branch of the dungeon, and saw 4 of its levels.

You collected 165 gold pieces.

Inventory:

Hand weapons
 a - a +1,+3 short sword (weapon)
 b - a +4,+0 elven dagger
 h - a +2,+0 dagger (quivered)
 q - a +2,+0 elven short sword
 E - a +0,+0 blowgun
Missiles
 D - 6 curare-tipped +0 needles
Armour
 u - a +0 pair of boots (worn)
 v - a +1 leather armour (worn)
Magical devices
 l - a wand of hasting (1) {god gift}
 C - a wand of lightning (7) {god gift}
Comestibles
 c - 3 meat rations
Scrolls
 f - 2 scrolls of remove curse
 g - 3 scrolls of teleportation
 i - 2 scrolls of noise
 p - 2 scrolls of magic mapping
 r - a scroll of curse armour
 s - 2 scrolls of random uselessness
 w - a scroll of enchant armour
 x - 2 scrolls of paper
 z - a scroll of summoning {god gift}
 A - a scroll of enchant weapon I
 B - a scroll of detect curse
 F - a scroll of recharging
Jewellery
 d - a +6 ring of protection (right hand) {god gift}
 e - a +5 ring of dexterity (left hand)
 m - a cursed -3 ring of evasion
 n - an uncursed ring of protection from magic
Potions
 o - a potion of magic
 t - a potion of heal wounds
 y - a potion of levitation You had 104 experience left.


   Skills:
 + Level 5 Fighting
 + Level 5 Short Blades
 + Level 1 Armour
 + Level 3 Dodging
 + Level 4 Stealth
 + Level 1 Stabbing


You had 5 spell levels left.
You didn't know any spells.

Overview of the Dungeon You didn't discover anything interesting.


Innate Abilities, Weirdness & Mutations

You recuperate from illness quickly.
You are carnivorous and can eat meat at any time.
You can eat rotten meat.
You have a fast metabolism.
You are weak (Str -1).
You are dopey (Int -1).
You are partially covered in patterned scales (AC +1).


Message History

The gila monster shaped shifter is lightly wounded.
The gila monster shaped shifter bites you.
You hit the gila monster shaped shifter!
The gila monster shaped shifter is moderately wounded.
The gila monster shaped shifter misses you.
You hit the gila monster shaped shifter!
The gila monster shaped shifter is heavily wounded.

#.#### #....# ##.##.#####.#
########...........#
#.....##..##.#####
##.....##.......c(# ### ####
.......##.....###.###..... ....
.......##.....##.......# #..
.......#....#.##.......# #..
.......#....#.##.......# #..
.......#...>#..@.......# #######
..........#.###.l......# #.....#
........###.. .........###......
........#######+#######.........
........##..........# #.........
........##..........###.........
................................
.........##.................)...
#........##.....###.............
#........##...........#######...
#........##........##.....^.....


You could see a gila monster shaped shifter.

Vanquished Creatures
  A phantom (D:4)
  An imp (D:3)
  A giant ant (D:4)
  3 gnolls (D:2)
  2 snakes (D:3)
  A midge (D:1)
  A worm (D:1)
  An ooze (D:1)
  5 giant cockroaches
  11 goblins
  6 hobgoblins
  3 jackals (D:3)
  11 kobolds
  4 orcs
  2 quokkas (D:3)
  6 rats
  6 giant bats
  2 giant geckos (D:3)
  8 giant newts
75 creatures vanquished.

Vanquished Creatures (others)
  A goblin (D:2)
  A rat (D:1)
2 creatures vanquished.

Grand Total: 77 creatures vanquished

Notes
Turn   | Place    | Note
--------------------------------------------------------------
     0 | D:1      | heteroy, the Kobold Chaos Knight, began the quest for the Orb.
     0 | D:1      | Reached XP level 1. HP: 11/11 MP: 1/1
    29 | D:1      | Reached skill 2 in Dodging
   149 | D:1      | Reached XP level 2. HP: 15/15 MP: 2/2
   749 | D:1      | Reached XP level 3. HP: 18/22 MP: 3/3
   938 | D:1      | Reached skill 4 in Short Blades
  1943 | D:2      | Reached skill 1 in Stealth
  2213 | D:2      | Reached skill 2 in Stealth
  2368 | D:2      | Reached XP level 4. HP: 9/28 MP: 4/4
  2985 | D:2      | Reached skill 3 in Dodging
  3179 | D:3      | Reached XP level 5. HP: 27/32 MP: 5/5
  3199 | D:3      | Reached skill 5 in Short Blades
  3206 | D:3      | Reached skill 3 in Stealth
  3864 | D:3      | Reached skill 1 in Stabbing
  4623 | D:3      | Gained mutation: You are weak (Str -1).
  4724 | D:3      | Gained mutation: You are partially covered in patterned scales (AC +1).
  4724 | D:3      | Gained mutation: You are dopey (Int -1).
  4724 | D:3      | Gained mutation: You have a fast metabolism.
  5109 | D:4      | Reached skill 4 in Stealth
  5111 | D:4      | Reached skill 5 in Fighting
  5564 | D:4      | Noticed a gila monster
  5566 | D:4      | Reached XP level 6. HP: 10/36 MP: 6/6
  5571 | D:4      | Mangled by a gila monster shaped shifter (shapeshifter)
